[Event "Titled Tuesday Blitz March 21 Early 2023"]
[White "Manukyan, Sargis V."]
[Black "Terry, Renato"]
[WhiteFideId "13303465"]
[BlackFideId "3803457"]
[WhiteElo "2236"]
[BlackElo "2579"]
[Result "0-1"]
[Round "01"]
[TimeControl "180+2"]
[Date "2023.03.21"]
[WhiteClock "0:00:19"]
[BlackClock "0:00:17"]

1. Nf3 d5 2. g3 Nf6 3. Bg2 c6 4. O-O Bg4 5. d4 Nbd7 6. c4 e6 7. b3 Be7 8. Bb2 a5 9. Nc3 O-O 10. Nd2 Qb6 11. Qc2 Rfc8 12. e4 dxe4 13. Ndxe4 Bf5 14. Rfd1 a4 15. Nxa4 Rxa4 16. bxa4 Nxe4 17. Bxe4 Bxe4 18. Qxe4 Qxb2 19. Rab1 Qxa2 20. Rxb7 Qxa4 21. Rdb1 Nf6 22. Qd3 Bf8 23. Rb8 Rxb8 24. Rxb8 g6 25. Kg2 Kg7 26. Qb3 Qxb3 27. Rxb3 c5 28. dxc5 Bxc5 29. Rb5 Nd7 30. Rb7 Ne5 31. Rc7 Bb6 32. Rc8 Nd3 33. f4 h5 34. Rb8 Ba7 35. Rd8 Nc5 36. Ra8 Bb6 37. Rb8 Na4 38. Ra8 Nb2 39. Rc8 Nd3 40. Rb8 Bc5 41. Rd8 Ne1+ 42. Kf1 Nf3 43. Kg2 Ne1+ 44. Kf1 Nc2 45. Rc8 Ba7 46. c5 Ne3+ 47. Ke2 Nd5 48. c6 Bb6 49. Kd3 Bc7 50. Kc4 Nb6+ 51. Kb5 Nxc8 52. Ka6 Nd6 53. Ka7 Kf6 0-1


[Site "https://www.chess.com"]

[Event "Titled Tuesday Blitz March 21 Early 2023"]
[White "Makhnev, Denis"]
[Black "Garv Gaur"]
[WhiteFideId "13707647"]
[BlackFideId "45030839"]
[WhiteElo "2525"]
[BlackElo "2068"]
[Result "0-1"]
[Round "01"]
[TimeControl "180+2"]
[Date "2023.03.21"]
[WhiteClock "0:00:04"]
[BlackClock "0:00:37"]

1. d4 Nf6 2. c4 e6 3. Nf3 b6 4. a3 Bb7 5. Nc3 d5 6. cxd5 Nxd5 7. Qc2 c5 8. e4 Nf6 9. Be3 Nbd7 10. dxc5 Bxc5 11. Bxc5 Nxc5 12. Bb5+ Ncd7 13. Rd1 Qc7 14. Qa4 a6 15. Bxd7+ Nxd7 16. O-O Bc6 17. Qb4 Nc5 18. Nd4 O-O 19. f3 Rfd8 20. a4 Be8 21. Nde2 Rac8 22. Rxd8 Rxd8 23. Qc4 Qd6 24. Rd1 Qe7 25. Rxd8 Qxd8 26. a5 Qd6 27. b4 Nd7 28. Qxa6 Qxb4 29. Qa8 Kf8 30. a6 Qc5+ 31. Kf1 Ne5 32. a7 Nd3 33. Qxe8+ Kxe8 34. a8=Q+ Ke7 35. Nd1 Qc2 36. Qa3+ Ke8 37. Qa1 Qd2 38. Ndc3 Qe3 39. Nd1 Qd2 40. Qb1 Qe1# 0-1


[Site "https://www.chess.com"]

[Event "Titled Tuesday Blitz March 21 Early 2023"]
[White "TimGrutter03"]
[Black "Nguyen, Ngoc Truong Son"]
[BlackFideId "12401110"]
[WhiteElo "2532"]
[BlackElo "2571"]
[Result "0-1"]
[Round "01"]
[TimeControl "180+2"]
[Date "2023.03.21"]
[WhiteClock "0:00:13"]
[BlackClock "0:01:45"]

1. e4 c5 2. Nf3 e6 3. g3 Nc6 4. Bg2 g6 5. Nc3 Bg7 6. O-O Nge7 7. d4 cxd4 8. Nb5 O-O 9. Nbxd4 d5 10. exd5 exd5 11. c3 h6 12. h3 Nf5 13. Nxf5 Bxf5 14. Be3 Be4 15. Nd4 Bxg2 16. Kxg2 Re8 17. Nxc6 bxc6 18. Bd4 Re4 19. Bxg7 Kxg7 20. Re1 Qe7 21. Rxe4 Qxe4+ 22. Qf3 Qc2 23. b3 Re8 24. c4 dxc4 25. Qxc6 Re2 26. Qf3 c3 27. Rc1 Rxf2+ 28. Qxf2 Qxc1 29. Qd4+ Kh7 30. Qxa7 Qd2+ 31. Kg1 Kg7 32. Qc5 c2 0-1


[Site "https://www.chess.com"]

[Event "Titled Tuesday Blitz March 21 Early 2023"]
[White "Lenderman, Aleksandr"]
[Black "Richter, Paul"]
[WhiteFideId "2021285"]
[BlackFideId "2046350"]
[WhiteElo "2607"]
[BlackElo "2530"]
[Result "1-0"]
[Round "01"]
[TimeControl "180+2"]
[Date "2023.03.21"]
[WhiteClock "0:01:40"]
[BlackClock "0:00:08"]

1. Nf3 Nf6 2. c4 g6 3. Nc3 Bg7 4. e4 d6 5. d4 O-O 6. Be2 Na6 7. O-O e5 8. d5 Nc5 9. Qc2 a5 10. Be3 Nh5 11. a3 Nf4 12. b4 Nxe2+ 13. Nxe2 Nxe4 14. Qxe4 Bf5 15. Qh4 Qxh4 16. Nxh4 Bd3 17. Nc3 Bxf1 18. Rxf1 f5 19. Nb5 axb4 20. axb4 Ra4 21. Nxc7 Rxb4 22. Ne6 Rc8 23. Nf3 Rbxc4 24. Rb1 e4 25. Nfg5 b5 26. h4 b4 27. Nxg7 Kxg7 28. Ra1 R8c7 29. Ne6+ Kf6 30. Nxc7 Rxc7 31. Bd4+ Ke7 32. Ra6 Rb7 33. Kf1 b3 34. Bb2 Rb5 35. Ra7+ Kf8 36. Ke2 Rxd5 37. Rb7 Rd3 38. Rxh7 d5 39. Rb7 d4 40. Rb4 Kf7 41. Rxd4 1-0


[Site "https://www.chess.com"]

[Event "Titled Tuesday Blitz March 21 Early 2023"]
[White "Ljukin, Sergei"]
[Black "Ter-Sahakyan, Samvel"]
[WhiteFideId "14102200"]
[BlackFideId "13302531"]
[WhiteElo "2312"]
[BlackElo "2566"]
[Result "0-1"]
[Round "01"]
[TimeControl "180+2"]
[Date "2023.03.21"]
[WhiteClock "0:00:13"]
[BlackClock "0:01:15"]

1. e4 c5 2. Nf3 e6 3. d4 cxd4 4. Nxd4 Nf6 5. Nc3 Nc6 6. Nxc6 bxc6 7. e5 Nd5 8. Ne4 Qc7 9. f4 Qb6 10. c4 Bb4+ 11. Ke2 f5 12. exf6 Nxf6 13. Be3 Qd8 14. Nd6+ Bxd6 15. Qxd6 Bb7 16. Rd1 c5 17. Qxc5 Rc8 18. Qb4 Be4 19. Rd2 Qc7 20. Kd1 d5 21. c5 Kf7 22. Bd3 Rb8 23. Qc3 Rhc8 24. Bd4 Bxd3 25. Qxd3 Ne4 26. Rc2 Qa5 27. a3 Qa4 28. Rf1 Rb3 29. Bc3 Rxc5 30. f5 e5 31. Bxe5 Rxd3+ 0-1


[Site "https://www.chess.com"]

[Event "Titled Tuesday Blitz March 21 Early 2023"]
[White "Bok, Benjamin"]
[Black "Golubev, Mikhail"]
[WhiteFideId "1017063"]
[BlackFideId "14100983"]
[WhiteElo "2658"]
[BlackElo "2374"]
[Result "1-0"]
[Round "01"]
[TimeControl "180+2"]
[Date "2023.03.21"]
[WhiteClock "0:00:01"]
[BlackClock "0:00:02"]

1. d4 Nf6 2. c4 g6 3. g3 Bg7 4. Bg2 O-O 5. Nc3 d6 6. Nf3 Nbd7 7. O-O e5 8. e4 Re8 9. h3 b6 10. dxe5 dxe5 11. Qc2 Bb7 12. Be3 c6 13. Rfd1 Qe7 14. a3 Nc5 15. b4 Ncd7 16. Rd2 a5 17. Rb1 axb4 18. axb4 Ra3 19. Qb2 Rxc3 20. Qxc3 Nxe4 21. Rxd7 Nxc3 22. Rxe7 Rxe7 23. Re1 b5 24. Bc5 Re6 25. Ng5 Re8 26. cxb5 Nxb5 27. Rd1 Nd4 28. Ne4 Ba6 29. Ra1 Bd3 30. Nd6 Rd8 31. Ra3 Be2 32. Ra2 Bd3 33. Ra7 Nb5 34. Nxf7 Nxa7 35. Nxd8 Nb5 36. Nxc6 e4 37. Ne7+ Kf7 38. Nd5 Nc3 39. Nxc3 Bxc3 40. Bf1 Ke6 41. h4 Kd5 42. Bh3 Kc6 43. Be6 Bb5 44. Bg8 h6 45. Bh7 g5 46. Bxe4+ Kd7 47. hxg5 hxg5 48. Be3 Ke6 49. Bxg5 Bxb4 50. Be3 Bd6 51. Kg2 Bf8 52. f4 Ba6 53. Kf3 Kf7 54. g4 Bc8 55. g5 Be7 56. f5 Kg7 57. Bd4+ Kf8 58. Kf4 Bd6+ 59. Be5 Be7 60. f6 Bd8 61. g6 Be6 62. Kg5 Kg8 63. Kh6 Ba5 64. Bf4 Bc3 65. Kg5 Bb2 66. Bc6 Bc3 67. Be8 1-0


[Site "https://www.chess.com"]

[Event "Titled Tuesday Blitz March 21 Early 2023"]
[White "Padmini, Rout"]
[Black "Kramnik, Vladimir"]
[WhiteFideId "5029295"]
[BlackFideId "4101588"]
[WhiteElo "2314"]
[BlackElo "2712"]
[Result "0-1"]
[Round "01"]
[TimeControl "180+2"]
[Date "2023.03.21"]
[WhiteClock "0:00:09"]
[BlackClock "0:01:48"]

1. e4 c5 2. Nf3 e6 3. d4 cxd4 4. Nxd4 a6 5. c4 Nf6 6. Nc3 Qc7 7. Be2 b6 8. O-O Bb7 9. f3 Bd6 10. g3 Nc6 11. Be3 Bc5 12. Qd2 h5 13. a3 Ne5 14. b4 Be7 15. Rac1 d6 16. Na4 Ned7 17. Rc2 O-O 18. Rfc1 Rfc8 19. Qe1 Qd8 20. Qf2 Rab8 21. h4 Ba8 22. Kh2 Ne5 23. Kg1 Nfd7 24. Nb3 b5 25. cxb5 Rxc2 26. Rxc2 axb5 27. Nc3 Nc4 28. Bxc4 bxc4 29. Nd2 Ne5 30. Qf1 d5 31. exd5 exd5 32. Bd4 Nc6 33. Qf2 Nxd4 34. Qxd4 Bf6 35. Qf4 Qb6+ 36. Kg2 Re8 37. Nf1 d4 38. Ne4 Bxe4 39. fxe4 Qc6 40. Nd2 c3 41. Nf3 d3 42. e5 dxc2 43. exf6 Qxf6 0-1


[Site "https://www.chess.com"]

[Event "Titled Tuesday Blitz March 21 Early 2023"]
[White "Makarian, Rudik"]
[Black "Vetokhin, Ilia"]
[WhiteFideId "44105681"]
[BlackFideId "24156078"]
[WhiteElo "2436"]
[BlackElo "2205"]
[Result "1-0"]
[Round "01"]
[TimeControl "180+2"]
[Date "2023.03.21"]
[WhiteClock "0:00:11"]
[BlackClock "0:00:05"]

1. d4 Nf6 2. c4 e6 3. Nf3 d5 4. Nc3 Bb4 5. Qa4+ Nc6 6. a3 Bxc3+ 7. bxc3 O-O 8. Bg5 dxc4 9. e4 Qd7 10. Bxf6 gxf6 11. Qxc4 Na5 12. Qb4 b6 13. Bd3 c5 14. Qb1 Bb7 15. O-O Kh8 16. d5 c4 17. Bc2 e5 18. Nh4 Bc8 19. f3 Nb7 20. Qc1 Nd6 21. Qh6 Qe7 22. Kh1 Rg8 23. a4 Bd7 24. f4 Ne8 25. f5 Qf8 26. Qe3 Rg5 27. Rf3 Qg7 28. a5 b5 29. a6 Qf8 30. Rg3 h6 31. Rh3 Kh7 32. Nf3 Kg7 33. Nxg5 fxg5 34. Rf3 f6 35. g4 Qe7 36. Kg2 Qd6 37. h4 Nc7 38. hxg5 fxg5 39. Rh1 Ne8 40. Rfh3 Qf6 41. Rxh6 Qxh6 42. Rxh6 Kxh6 43. Qh3+ Kg7 44. Qh5 Kf6 45. Qg6+ Ke7 46. f6+ Nxf6 47. Qg7+ Kd6 48. Qxf6+ Kc5 49. Qe7+ Kb6 50. Qd6+ Ka5 51. Qxd7 b4 52. Qc7+ Kxa6 53. Qc6+ 1-0


[Site "https://www.chess.com"]

[Event "Titled Tuesday Blitz March 21 Early 2023"]
[White "Kuzmin, Roman"]
[Black "Gholami Orimi, Mahdi"]
[WhiteFideId "44134932"]
[BlackFideId "12558486"]
[WhiteElo "2146"]
[BlackElo "2363"]
[Result "0-1"]
[Round "01"]
[TimeControl "180+2"]
[Date "2023.03.21"]
[WhiteClock "0:00:20"]
[BlackClock "0:01:44"]

1. e4 c5 2. Nf3 d6 3. d4 cxd4 4. Nxd4 Nf6 5. Nc3 Nc6 6. Bg5 e6 7. Qd2 a6 8. O-O-O Bd7 9. f4 Be7 10. Nf3 b5 11. e5 b4 12. Nb1 dxe5 13. fxe5 Nd5 14. Bxe7 Ncxe7 15. Qg5 O-O 16. Bd3 h6 17. Qg4 a5 18. Qe4 Ng6 19. h4 Re8 20. h5 Nf8 21. g4 Rc8 22. g5 hxg5 23. Rdg1 Nf4 24. Nxg5 Nxd3+ 25. Qxd3 Ba4 26. Qe4 Rxc2+ 27. Qxc2 Bxc2 28. Kxc2 Qc7+ 29. Kd1 Rd8+ 30. Nd2 Qxe5 31. h6 Qxb2 32. Ne4 Ng6 33. h7+ Kh8 34. Rxg6 fxg6 35. Rh2 g5 36. Nxg5 Qb1+ 37. Ke2 Rxd2+ 38. Kxd2 Qxa2+ 0-1


[Site "https://www.chess.com"]

[Event "Titled Tuesday Blitz March 21 Early 2023"]
[White "Kamsky, Gata"]
[Black "Janaszak, Dawid"]
[WhiteFideId "2000024"]
[BlackFideId "1119206"]
[WhiteElo "2666"]
[BlackElo "2220"]
[Result "1-0"]
[Round "01"]
[TimeControl "180+2"]
[Date "2023.03.21"]
[WhiteClock "0:00:07"]
[BlackClock "0:00:10"]

1. e4 e5 2. Nf3 Nc6 3. Bb5 a6 4. Ba4 Nf6 5. O-O b5 6. Bb3 Bc5 7. c3 d6 8. a4 Bb7 9. d3 O-O 10. Na3 b4 11. Nc4 bxc3 12. bxc3 h6 13. a5 Rb8 14. Be3 Bxe3 15. Nxe3 Ne7 16. Re1 Ng6 17. Nf5 Kh7 18. Bc2 Ne7 19. Ng3 c5 20. d4 cxd4 21. cxd4 Ng6 22. Qd2 Re8 23. Ba4 Rf8 24. Rad1 Qc7 25. Rc1 Qd8 26. h4 Rc8 27. Rb1 Bc6 28. Bxc6 Rxc6 29. h5 Nf4 30. dxe5 dxe5 31. Qxd8 Rxd8 32. Nxe5 Rc5 33. Nxf7 Rd7 34. e5 Rxf7 35. exf6 Rxa5 36. fxg7 Rxg7 37. Ra1 Rag5 38. Rxa6 Nxh5 39. Nxh5 Rxh5 40. g3 Rhg5 41. Kg2 R5g6 42. Ree6 Rxe6 43. Rxe6 Ra7 44. f4 Ra3 45. Kh3 Kg7 46. Kh4 Rb3 47. f5 Rf3 48. g4 Rf2 49. Re7+ Kf6 50. Rh7 Rh2+ 51. Kg3 Rh1 52. Rh8 Kg7 53. Rb8 Kf6 54. Rb6+ Kg7 55. Kg2 Rh4 56. Rg6+ Kh7 57. Kg3 Rh1 58. Rd6 Rg1+ 59. Kf4 Rf1+ 60. Ke5 Rg1 61. Rd4 Re1+ 62. Kf6 Rg1 63. Kf7 Kh8 64. Kg6 1-0


[Site "https://www.chess.com"]

[Event "Titled Tuesday Blitz March 21 Early 2023"]
[White "Lehtosaari, Mauri"]
[Black "Indjic, Aleksandar"]
[WhiteFideId "501999"]
[BlackFideId "911925"]
[WhiteElo "2519"]
[BlackElo "2614"]
[Result "0-1"]
[Round "01"]
[TimeControl "180+2"]
[Date "2023.03.21"]
[WhiteClock "0:00:10"]
[BlackClock "0:01:05"]

1. d4 Nf6 2. Nf3 e6 3. Bg5 h6 4. Bxf6 Qxf6 5. Nbd2 d6 6. e4 Nd7 7. Bd3 e5 8. c3 Qe7 9. a4 g6 10. O-O Bg7 11. Re1 O-O 12. Qb3 a5 13. Rad1 Nb6 14. h3 Kh7 15. Nf1 Be6 16. Qc2 Kh8 17. Ne3 Bd7 18. b3 c6 19. dxe5 dxe5 20. Nc4 Nc8 21. Bf1 Be8 22. Rd2 b5 23. axb5 cxb5 24. Ne3 Nb6 25. Red1 Bc6 26. Nd5 Bxd5 27. exd5 Qd7 28. c4 bxc4 29. bxc4 Rac8 30. c5 e4 31. Qxe4 Rxc5 32. d6 Rd8 33. g3 Kh7 34. Qe3 Qc6 35. h4 Nd5 36. Qe4 f5 37. Qd3 Nc3 38. Re1 Rd5 39. Qc2 Rxd2 40. Qxd2 Qxf3 41. Re3 Qc6 42. Qxc3 Qxc3 43. Rxc3 Bxc3 0-1


[Site "https://www.chess.com"]

[Event "Titled Tuesday Blitz March 21 Early 2023"]
[White "Praggnanandhaa R"]
[Black "koncheto"]
[WhiteFideId "25059530"]
[WhiteElo "2623"]
[BlackElo "2519"]
[Result "1-0"]
[Round "01"]
[TimeControl "180+2"]
[Date "2023.03.21"]
[WhiteClock "0:00:04"]
[BlackClock "0:00:01"]

1. c4 Nf6 2. Nc3 e6 3. d4 c5 4. d5 exd5 5. cxd5 d6 6. e4 g6 7. Nf3 a6 8. a4 Bg4 9. Be2 Bxf3 10. Bxf3 Bg7 11. O-O O-O 12. Bf4 Qe7 13. Qb3 Qc7 14. a5 Nbd7 15. h3 Rfc8 16. Qa3 Ne8 17. Rfc1 Ne5 18. Be2 c4 19. Be3 Nd3 20. Rd1 Nc5 21. Bxc4 Nxe4 22. Nxe4 Qxc4 23. Nxd6 Nxd6 24. Qxd6 Bxb2 25. Rab1 Qc2 26. Qb6 Be5 27. d6 Rc6 28. Qxb7 Rd8 29. Bh6 Rcxd6 30. Rxd6 Bxd6 31. Re1 Qf5 32. Qxa6 Bb4 33. Ra1 Bd6 34. Qb6 Qe5 35. Qxd8+ 1-0


[Site "https://www.chess.com"]

[Event "Titled Tuesday Blitz March 21 Early 2023"]
[White "Reprintsev, Alexander"]
[Black "Tari, Aryan"]
[WhiteFideId "14100541"]
[BlackFideId "1510045"]
[WhiteElo "2229"]
[BlackElo "2583"]
[Result "0-1"]
[Round "01"]
[TimeControl "180+2"]
[Date "2023.03.21"]
[WhiteClock "0:00:48"]
[BlackClock "0:01:00"]

1. e4 e5 2. Nf3 Nc6 3. Bc4 Bc5 4. b4 Bb6 5. a4 a6 6. c3 Nf6 7. Qe2 O-O 8. d3 d5 9. Bb3 Be6 10. Bc2 h6 11. O-O Re8 12. Rd1 Qe7 13. h3 dxe4 14. dxe4 Nh5 15. Na3 Qf6 16. Kh1 Ne7 17. Nc4 Bxc4 18. Qxc4 Bxf2 19. Qxc7 Ng6 20. Rd6 Re7 21. Rxf6 Rxc7 22. Rxg6 fxg6 23. Bb2 Ng3+ 24. Kh2 Ne2 25. Nxe5 Bg3+ 0-1


[Site "https://www.chess.com"]

[Event "Titled Tuesday Blitz March 21 Early 2023"]
[White "Yilmaz, Mustafa"]
[Black "Ratsma, Midas"]
[WhiteFideId "6302718"]
[BlackFideId "1032283"]
[WhiteElo "2523"]
[BlackElo "2172"]
[Result "1-0"]
[Round "01"]
[TimeControl "180+2"]
[Date "2023.03.21"]
[WhiteClock "0:00:03"]
[BlackClock "0:00:01"]

1. d4 d5 2. c4 e5 3. dxe5 d4 4. Nf3 Nc6 5. a3 Nge7 6. b4 Ng6 7. Bb2 a5 8. b5 Ncxe5 9. Nxe5 Nxe5 10. Bxd4 Nxc4 11. e3 Be6 12. Qc2 Nd6 13. Bd3 f6 14. Bxh7 Qd7 15. Bg6+ Bf7 16. a4 O-O-O 17. O-O Bxg6 18. Qxg6 Nf5 19. Nc3 Bd6 20. h3 Rh6 21. Qg4 Rh4 22. Qf3 g5 23. Rfd1 g4 24. hxg4 Rdh8 25. g3 Rh1+ 26. Qxh1 Rxh1+ 27. Kxh1 Nh6 28. f3 f5 29. Kg2 fxg4 30. f4 Nf5 31. e4 Qh7 32. Rh1 Nh6 33. Rh5 Qg6 34. Rah1 Nf7 35. Rf5 b6 36. Rd5 Bb4 37. f5 Qg5 38. Rd1 Bxc3 39. Bxc3 Qe3 40. Be1 Qxe4+ 41. Kf1 Qf3+ 42. Bf2 Nd6 43. R5d3 Qh1+ 44. Ke2 Qe4+ 45. Re3 Qxf5 46. Rd4 Qc2+ 47. Rd2 Qxa4 48. Red3 Qxb5 49. Kd1 Nc4 50. Rd8+ Kb7 51. R2d4 Qb1+ 52. Ke2 Qc2+ 53. Kf1 Ne5 54. Re8 Nf3 55. Rdd8 Qc1+ 56. Ke2 Qc4+ 57. Ke3 Qc5+ 58. Ke2 Qc2+ 59. Ke3 a4 60. Rb8+ Kc6 61. Ra8 Qc3+ 62. Ke2 a3 63. Re6+ Kb7 64. Ree8 a2 65. Reb8+ Kc6 66. Rxb6+ Kd7 67. Rc8 1-0


[Site "https://www.chess.com"]

[Event "Titled Tuesday Blitz March 21 Early 2023"]
[White "Sonnenschein, Philipp"]
[Black "Esipenko, Andrey"]
[WhiteFideId "16250877"]
[BlackFideId "24175439"]
[WhiteElo "2224"]
[BlackElo "2615"]
[Result "0-1"]
[Round "01"]
[TimeControl "180+2"]
[Date "2023.03.21"]
[WhiteClock "0:01:33"]
[BlackClock "0:01:10"]

1. e4 e5 2. Nf3 Nc6 3. Bb5 a6 4. Ba4 Nf6 5. O-O Be7 6. d3 b5 7. Bb3 d6 8. a4 Bd7 9. Nc3 Na5 10. Ba2 b4 11. Nd5 Nxd5 12. Bxd5 c6 13. Ba2 c5 14. Nd2 O-O 15. Nc4 Nc6 16. f4 exf4 17. Bxf4 Be6 18. Ne3 Bf6 19. Bxe6 fxe6 20. Rb1 Bd4 21. Qg4 Qf6 22. c3 Qxf4 23. Rxf4 Bxe3+ 24. Kh1 Bxf4 25. Qxe6+ Kh8 26. g3 Be5 27. cxb4 Nxb4 0-1


[Site "https://www.chess.com"]

[Event "Titled Tuesday Blitz March 21 Early 2023"]
[White "Sjugirov, Sanan"]
[Black "Luo, Terry"]
[WhiteFideId "4189302"]
[BlackFideId "30931045"]
[WhiteElo "2569"]
[BlackElo "2265"]
[Result "1-0"]
[Round "01"]
[TimeControl "180+2"]
[Date "2023.03.21"]
[WhiteClock "0:00:05"]
[BlackClock "0:00:12"]

1. d4 Nf6 2. c4 g6 3. Nc3 Bg7 4. e4 d6 5. Nf3 O-O 6. Be2 e5 7. O-O Nc6 8. d5 Ne7 9. b4 Nh5 10. Re1 f5 11. a4 Nf4 12. Bf1 fxe4 13. Nxe4 Bg4 14. Ra3 Qd7 15. h3 Bf5 16. Bxf4 exf4 17. Neg5 Rae8 18. Ne6 Bxe6 19. dxe6 Qc6 20. Bd3 Nf5 21. Be4 Qb6 22. a5 Qxb4 23. Rb3 Qxa5 24. Rxb7 Nd4 25. e7 Nxf3+ 26. Bxf3 Rf7 27. Bd5 Bf6 28. Re4 Be5 29. Rb5 Qa3 30. Bxf7+ Kxf7 31. Qd5+ Kf6 32. Rb1 Rxe7 33. Qg8 Qa2 34. Rbe1 Qb2 35. Qf8+ Rf7 36. Qh8+ Ke6 37. Qe8+ Kf6 38. Qh8+ Ke6 39. Qc8+ Kf6 40. Qe8 Re7 41. Qf8+ Ke6 42. Qh6 Kd7 43. Qh4 a5 44. Qg4+ Kc6 45. Qf3 Kd7 46. c5 a4 47. cxd6 cxd6 48. Rxa4 Qc3 49. Qxc3 Bd4 50. Ra7+ 1-0


[Site "https://www.chess.com"]

[Event "Titled Tuesday Blitz March 21 Early 2023"]
[White "Mortazavi, Ali"]
[Black "Drygalov, Sergey"]
[WhiteFideId "401323"]
[BlackFideId "24171743"]
[WhiteElo "2339"]
[BlackElo "2533"]
[Result "0-1"]
[Round "01"]
[TimeControl "180+2"]
[Date "2023.03.21"]
[WhiteClock "0:00:04"]
[BlackClock "0:00:15"]

1. e4 c5 2. Nc3 d6 3. f4 g6 4. Nf3 Bg7 5. Bb5+ Bd7 6. a4 Nc6 7. O-O Nf6 8. d3 O-O 9. Bc4 e6 10. Ba2 Nb4 11. Bb3 a6 12. e5 dxe5 13. Nxe5 Bc6 14. Nxc6 Nxc6 15. Kh1 Nd4 16. Ba2 Nd5 17. Ne4 b6 18. c3 Nc6 19. Qe2 Qd7 20. Bd2 Rad8 21. Rad1 Nce7 22. Bb3 Nf5 23. Bc1 Qc6 24. Ng5 b5 25. axb5 axb5 26. Nf3 b4 27. Ne5 Qc7 28. Bd2 Rb8 29. Bc4 Rfd8 30. g4 Nd6 31. Bxd5 exd5 32. f5 Re8 33. f6 Bf8 34. Bf4 bxc3 35. bxc3 d4 36. cxd4 Rb4 37. Qg2 Rxd4 38. Bg3 Qb7 39. Qxb7 Nxb7 40. Ra1 Bd6 41. Nc6 Rxg4 42. Ra7 Bxg3 43. Rxb7 Bd6 44. Rfb1 h5 45. Rd7 Bf8 46. Rd8 Rxd8 47. Nxd8 Rd4 48. Nc6 Rd6 49. Ne5 Rxf6 50. Rb8 Rd6 51. Kg2 Kg7 52. Kf3 Rf6+ 53. Ke4 Bd6 54. Rb5 Re6 55. Kd5 Bxe5 0-1


[Site "https://www.chess.com"]

[Event "Titled Tuesday Blitz March 21 Early 2023"]
[White "Navara, David"]
[Black "Miszler, Levente"]
[WhiteFideId "309095"]
[BlackFideId "763276"]
[WhiteElo "2675"]
[BlackElo "2176"]
[Result "1-0"]
[Round "01"]
[TimeControl "180+2"]
[Date "2023.03.21"]
[WhiteClock "0:01:30"]
[BlackClock "0:00:24"]

1. d4 Nf6 2. c4 e6 3. Nc3 Bb4 4. e3 O-O 5. Bd3 d5 6. cxd5 exd5 7. Ne2 c6 8. O-O Re8 9. f3 Nbd7 10. e4 c5 11. Bg5 cxd4 12. Nxd5 Bc5 13. Rc1 Qa5 14. Bxf6 Nxf6 15. Nxf6+ gxf6 16. Nf4 Be6 17. Nh5 Be7 18. f4 Kh8 19. f5 Bxa2 20. Ra1 Rg8 21. Bc4 d3 22. Bxa2 Qb6+ 23. Kh1 Qxb2 24. Qf3 Rg5 25. Bxf7 d2 26. Rab1 Qd4 27. Rxb7 Rd8 28. Rxe7 d1=Q 29. Re8+ Rxe8 30. Rxd1 Rxe4 31. h3 1-0


[Site "https://www.chess.com"]

[Event "Titled Tuesday Blitz March 21 Early 2023"]
[White "Degenbaev, Aziz"]
[Black "Babazada, Khazar"]
[WhiteFideId "13802640"]
[BlackFideId "13413554"]
[WhiteElo "2152"]
[BlackElo "2364"]
[Result "1-0"]
[Round "01"]
[TimeControl "180+2"]
[Date "2023.03.21"]
[WhiteClock "0:01:47"]
[BlackClock "0:02:12"]

1. e4 Nf6 2. e5 Nd5 3. d4 d6 4. Nf3 Nb6 5. a4 a5 6. Nc3 g6 7. exd6 cxd6 8. Bb5+ Bd7 9. h4 h5 10. Ng5 Bg7 11. Qf3 O-O 12. Qxb7 Bxd4 13. O-O Qc8 14. Qe4 Qc4 15. Bxc4 1-0


[Site "https://www.chess.com"]

[Event "Titled Tuesday Blitz March 21 Early 2023"]
[White "Ibarra Jerez, Jose Carlos"]
[Black "Sanchez Alvares, Kelvin Antonio"]
[WhiteFideId "2226332"]
[BlackFideId "3906680"]
[WhiteElo "2638"]
[BlackElo "2217"]
[Result "1-0"]
[Round "01"]
[TimeControl "180+2"]
[Date "2023.03.21"]
[WhiteClock "0:00:18"]
[BlackClock "0:00:01"]

1. e4 e5 2. Nf3 Nc6 3. Bb5 a6 4. Bxc6 dxc6 5. O-O f6 6. d4 exd4 7. Nxd4 c5 8. Nb3 Qxd1 9. Rxd1 Bd7 10. Bf4 O-O-O 11. Nc3 Be6 12. Rxd8+ Kxd8 13. Rd1+ Kc8 14. Nd5 Bxd5 15. Rxd5 b6 16. f3 Ne7 17. Rd1 g5 18. Bg3 Ng6 19. Kf2 h5 20. h3 h4 21. Bh2 c4 22. Nd4 Bc5 23. Ke2 Bxd4 24. Rxd4 b5 25. Ke3 Ne7 26. f4 Rg8 27. Kf3 Nc6 28. Rd2 gxf4 29. Kxf4 Rg5 30. g4 hxg3 31. Bxg3 Ne5 32. Bh2 Rh5 33. Kg3 Rg5+ 34. Kf2 Rh5 35. Kg2 Rg5+ 36. Bg3 Ng6 37. Rf2 f5 38. h4 Rh5 39. exf5 Nxh4+ 40. Bxh4 Rxh4 41. f6 Rh8 42. Kg3 Kd7 43. Kf4 Ke6 44. Ke4 Rh4+ 45. Ke3 Kf7 46. c3 c6 47. a3 a5 48. a4 Rg4 49. Rf5 bxa4 50. Rxa5 Rg2 51. Rxa4 1-0


[Site "https://www.chess.com"]

[Event "Titled Tuesday Blitz March 21 Early 2023"]
[White "Pham, Le Thao Nguyen"]
[Black "Grigoriants, Sergey"]
[WhiteFideId "12401226"]
[BlackFideId "4130804"]
[WhiteElo "2282"]
[BlackElo "2502"]
[Result "0-1"]
[Round "01"]
[TimeControl "180+2"]
[Date "2023.03.21"]
[WhiteClock "0:00:08"]
[BlackClock "0:00:08"]

1. d4 Nf6 2. Nf3 d5 3. c4 c6 4. cxd5 cxd5 5. Nc3 a6 6. Bf4 Nc6 7. e3 Bg4 8. Be2 e6 9. O-O Bd6 10. Bg5 O-O 11. Rc1 Rc8 12. Na4 Qa5 13. Bxf6 gxf6 14. a3 Ne7 15. Qb3 Rc7 16. Nb6 Kg7 17. h3 Bh5 18. Rxc7 Bxc7 19. Nd7 Rd8 20. Nc5 Rb8 21. Rc1 Bxf3 22. Bxf3 Qb6 23. Qc2 Rc8 24. b4 Qc6 25. g3 Bd6 26. Qd2 Bxc5 27. Rxc5 Qa4 28. Qc3 Rc6 29. Kg2 b6 30. Rxc6 Qxc6 31. Qd3 b5 32. e4 Qc4 33. Qe3 dxe4 34. Bxe4 f5 35. Bf3 f6 36. h4 Kf7 37. Bh5+ Kg7 38. Bf3 Ng6 39. h5 Ne7 40. h6+ Kf7 41. Bh5+ Kf8 42. Bf3 Kf7 43. Bh5+ Kf8 44. Bf3 Nd5 45. Qxe6 Nf4+ 46. gxf4 Qxe6 47. Kg3 Qb3 48. d5 Qxa3 49. d6 Qxb4 0-1


[Site "https://www.chess.com"]

[Event "Titled Tuesday Blitz March 21 Early 2023"]
[White "Bachmann, Axel"]
[Black "Remolar Gallen, Jose"]
[WhiteFideId "3700488"]
[BlackFideId "2215187"]
[WhiteElo "2605"]
[BlackElo "2223"]
[Result "1-0"]
[Round "01"]
[TimeControl "180+2"]
[Date "2023.03.21"]
[WhiteClock "0:01:34"]
[BlackClock "0:00:20"]

1. d4 Nf6 2. c4 g6 3. Nc3 d5 4. Nf3 Bg7 5. e3 O-O 6. cxd5 Nxd5 7. Bc4 Nxc3 8. bxc3 c5 9. O-O Qa5 10. Qb3 Nc6 11. Ba3 b5 12. Qxb5 Qxa3 13. Qxc6 Bg4 14. Ng5 Rac8 15. Qe4 Bf5 16. Qxe7 Qxc3 17. Bxf7+ Kh8 18. Rac1 Qb2 19. Rxc5 Bd3 20. Rxc8 Rxc8 21. Be6 Rf8 22. Nf7+ Kg8 23. Ne5+ Kh8 24. Nxd3 1-0


[Site "https://www.chess.com"]

[Event "Titled Tuesday Blitz March 21 Early 2023"]
[White "TheKnightOfBosnia"]
[Black "Durarbayli, Vasif"]
[BlackFideId "13402935"]
[WhiteElo "2506"]
[BlackElo "2543"]
[Result "1-0"]
[Round "01"]
[TimeControl "180+2"]
[Date "2023.03.21"]
[WhiteClock "0:00:49"]
[BlackClock "0:00:09"]

1. e4 c5 2. Nf3 d6 3. Bb5+ Nd7 4. d4 cxd4 5. Qxd4 a6 6. Bxd7+ Bxd7 7. Nc3 e5 8. Qd3 h6 9. O-O Rc8 10. Rd1 Qc7 11. Nd2 Nf6 12. Nf1 Bg4 13. f3 Be6 14. Ne3 Be7 15. Kh1 O-O 16. a4 Rfd8 17. a5 Qc5 18. Bd2 Qd4 19. Qe2 Qa7 20. Na4 d5 21. Nb6 dxe4 22. Nxc8 Rxc8 23. Bc3 Bc5 24. Nf1 exf3 25. gxf3 Re8 26. Ng3 Nd5 27. Ne4 Nf4 28. Qd2 Bh3 29. Rg1 Bxg1 30. Rxg1 Kh8 31. Nd6 Re7 32. Bxe5 Bg2+ 33. Rxg2 Nxg2 34. Qxh6+ 1-0


[Site "https://www.chess.com"]